 Dungeon Crawl Stone Soup version 0.27-a0-1232-gc6a4cbde82 (webtiles) character file.

Game seed: 9483964539421945277

14971 Shayle the Fighter (level 12, -2/130 HPs)
             Began as an Ogre Warper on June 8, 2021.
             Was a Priest of Makhleb.
             Drowned by a water elemental (10 damage)
             ... on level 11 of the Dungeon on June 9, 2021.
             The game lasted 00:58:28 (18413 turns).

Shayle the Fighter (Ogre Warper)                   Turns: 18413, Time: 00:58:28

Health: -2/130     AC:  7    Str: 18    XL:     12   Next: 22%
Magic:  0/23       EV: 12    Int: 18    God:    Makhleb [***...]
Gold:   50         SH:  0    Dex: 10    Spells: 4/26 levels left

rFire    . . .     SeeInvis .   z - +5 short sword "Kokic" {freeze, rElec rN+ Dex+2}
rCold    . . .     Faith    .   (no shield)
rNeg     + + .     Spirit   +   g - +0 troll leather armour
rPois    +         Reflect  .   (helmet restricted)
rElec    +         Harm     .   K - +1 cloak {rPois}
rCorr    .         Rampage  .   (gloves unavailable)
Will     +....                  (boots unavailable)
Stlth    +.........             n - amulet of guardian spirit
HPRegen  1.31/turn              h - +4 ring of slaying
MPRegen  0.18/turn              o - ring of positive energy

@: engulfed (cannot breathe)
A: large, unfitting armour, tough skin 1
a: Renounce Religion, Minor Destruction, Lesser Servant of Makhleb


You were on level 11 of the Dungeon.
You worshipped Makhleb.
Makhleb was most pleased with you.
You visited 3 branches of the dungeon, and saw 14 of its levels.

You collected 622 gold pieces.
You spent 572 gold pieces at shops.

Inventory:

Hand Weapons
 e - a +0 broad axe
 j - a +2 whip of venom
 y - a +0 giant spiked club
 z - the +5 short sword "Kokic" (weapon) {freeze, rElec rN+ Dex+2}
   (You found it on level 6 of the Dungeon)

   It has been specially enchanted to freeze those struck by it, causing extra
   injury to most foes and up to half again as much damage against particularly
   susceptible opponents.
   It can also slow down cold-blooded creatures.
   It affects your dexterity (+2).
   It insulates you from electricity.
   It protects you from negative energy.
 E - a +5 spear
 H - a +5 great sword
Missiles
 l - 5 poisoned darts (quivered)
 L - a throwing net
Armour
 g - a +0 troll leather armour (worn)
 v - a +2 robe of willpower
 w - a +2 cloak
 K - a +1 cloak of poison resistance (worn)
Jewellery
 h - a +4 ring of slaying (left hand)
 n - an amulet of guardian spirit (around neck)
 o - a ring of positive energy (right hand)
 q - a ring of protection from fire
 I - a ring of wizardry
Wands
 F - a wand of flame (2)
Scrolls
 a - a scroll of identify
 b - 3 scrolls of teleportation
 c - a scroll of silence
 i - 2 scrolls of vulnerability
 p - a scroll of fear
 r - 2 scrolls of magic mapping
 G - 2 scrolls of amnesia
 J - a scroll of blinking
Potions
 d - 2 potions of magic {unknown}
 f - 4 potions of attraction
 k - a potion of might {unknown}
 m - a potion of invisibility {unknown}
 s - 2 potions of flight
 t - a potion of cancellation
 u - 2 potions of ambrosia
 x - 3 potions of brilliance
 A - a potion of mutation {unknown}
 C - a potion of berserk rage {unknown}
 D - 3 potions of haste {unknown}


   Skills:
 + Level 11.4 Fighting
 - Level 2.0 Polearms
 - Level 1.0 Throwing
 - Level 10.5 Dodging
 - Level 7.5 Spellcasting
 - Level 7.4 Translocations
 + Level 3.6 Fire Magic
 - Level 9.0 Invocations


You had 4 spell levels left.
You knew the following spells:

 Your Spells              Type           Power      Damage    Failure   Level
a - Blink                 Tloc           N/A        N/A       1%          2
b - Teleport Other        Tloc           33%        N/A       1%          3
c - Manifold Assault      Tloc           33%        N/A       16%         5
d - Call Imp              Summ           6%         N/A       19%         2
e - Static Discharge      Conj/Air       6%         N/A       19%         2
f - Ignition              Fire           10%        3d5       100%        8

Your spell library contained the following spells:

 Spells                   Type           Power      Damage    Failure   Level
 Gell's Gravitas          Tloc           16%        N/A       1%          3
 Lesser Beckoning         Tloc           16%        N/A       1%          3
 Summon Small Mammal      Summ           24%        N/A       12%         1
 Call Canine Familiar     Summ           6%         N/A       36%         3
 Summon Guardian Golem    Hex/Summ       6%         N/A       36%         3
 Summon Ice Beast         Ice/Summ       6%         N/A       77%         4
 Summon Lightning Spire   Summ/Air       6%         N/A       77%         4
 Lightning Bolt           Conj/Air       3%         1d14      98%         5
 Shatter                  Erth           3%         3d7*      100%        9
 Tornado                  Air            3%         N/A       100%        9


Dungeon Overview and Level Annotations

Branches:
Dungeon (11/15)            Temple (1/1) D:6            Lair (2/6) D:10
    Orc (0/2) D:10
  Swamp: Lair:2-4    Shoals: Lair:2-4     Snake: Lair:2-4    Spider: Lair:2-4

Altars:
Ashenzari
Cheibriados
Dithmenos
Elyvilon
Fedhas
Gozag
Hepliaklqana
Kikubaaqudgha
Makhleb
Nemelex Xobeh
Okawaru
Qazlal
Ru
Sif Muna
Trog
Uskayaw
Vehumet
Wu Jian
Xom
Yredelemnul
Zin
The Shining One

Shops:
D:9 ([=??

Annotations:
D:5 3 runed translucent doors, mordus's ghost, amateur TrMo


Innate Abilities, Weirdness & Mutations

You are too large for most types of armour.
You have tough skin. (AC +1)


Message History

Your lungs strain for air!
The water elemental completely misses you.
The water elemental hits you.
You barely miss the water elemental.
The water elemental is heavily damaged.
Your lungs strain for air!
The water elemental misses you.
You riposte.
You barely miss the water elemental.
The water elemental is heavily damaged.
The water elemental hits you!
* * * LOW HITPOINT WARNING * * *
You cannot cast spells while unable to breathe!
Unknown command.
Aiming: Throw Flame
Press: ? - help, Shift-Dir - straight line, f - water elemental
Aim: a water elemental (heavily damaged, 81% to hit)
The puff of flame hits the water elemental.
The water elemental is burned terribly!
The water elemental is severely damaged.
* * * LOW HITPOINT WARNING * * *
Your lungs strain for air!
The water elemental hits you.
Okay, then.
Okay, then.
You feel agile.
The +5 short sword "Kokic" {freeze, rElec rN+ Dex+2} glows with a cold blue light!
z - the +5 short sword "Kokic" (weapon)
{freeze, rElec rN+ Dex+2}
* * * LOW HITPOINT WARNING * * *
Your lungs strain for air!
You puncture the water elemental! You freeze the water elemental.
The water elemental is almost destroyed.
* * * LOW HITPOINT WARNING * * *
Your lungs strain for air!
The water elemental hits you!
* * * LOW HITPOINT WARNING * * *
Unknown command.
Okay, then.
Okay, then.
You feel better.
You die...

#.≈.....≈.#####..........
#.........#......########
#.#.##E####.###### #
#......# #.# # ######.#
##.# # #.# #..# #†# #.##
#.###.## #.E@...#
#####..# #..# #..# #..#
#..# #..# #..#


You could see a water elemental.

Vanquished Creatures
  2 two-headed ogres
  Pikel (D:5)
  A black mamba (Lair:2)
  A centaur zombie (D:10)
  Maurice (D:10)
  4 cane toads
  An unseen horror (D:7)
  A polar bear (D:11)
  2 trolls
  A hornet (D:9)
  Grinder (D:6)
  A blink frog (Lair:1)
  2 shadows
  13 yaks
  Eustachio (D:5)
  A basilisk (D:10)
  2 wyverns
  3 wraiths
  Menkaure (D:6)
  Duvessa (D:5)
  A water moccasin (shapeshifter) (D:10)
  7 water moccasins
  An orc warrior (D:9)
  5 black bears
  A hornet zombie (D:7)
  A sky beast (D:6)
  An ice beast (D:11)
  2 necrophages
  3 ogres
  14 wolves
  3 centaurs
  A gnoll sergeant (D:6)
  7 bullfrogs
  2 scorpions
  Dowan (D:5)
  A water moccasin skeleton (D:5)
  A howler monkey (D:11)
  10 wights
  A bullfrog zombie (D:7)
  3 jellies
  3 orc priests
  A bullfrog skeleton (D:5)
  A centaur skeleton (D:7)
  A gnoll shaman (D:8)
  3 hounds
  6 iguanas
  Natasha (thrice) (D:3)
  3 orc wizards
  A killer bee zombie (D:8)
  A hound skeleton (D:5)
  A howler monkey skeleton (D:6)
  6 gnolls
  6 adders
  A river rat (Lair:1)
  A shadow imp (D:5)
  4 white imps
  2 worms
  3 dart slugs
  21 orcs
  3 bats
  4 endoplasms
  3 giant cockroaches
  8 goblins
  12 hobgoblins
  3 jackals
  4 quokkas
  8 ball pythons
  4 frilled lizards
  6 kobolds
  A quokka skeleton (D:4)
  6 rats
237 creatures vanquished.

Vanquished Creatures (collateral kills)
  A gargoyle (D:9)
  2 komodo dragons
  A blink frog (Lair:1)
  A yak (Lair:1)
  An orc warrior (D:8)
  A bullfrog (Lair:1)
  An orc wizard (D:8)
8 creatures vanquished.

Vanquished Creatures (others)
  5 fungi
  37 plants
  A withered plant (D:2)
43 creatures vanquished.

Grand Total: 288 creatures vanquished

Notes
Turn   | Place    | Note
-------+----------+-------------------------------------------
     0 | D:1      | Shayle the Ogre Warper began the quest for the Orb.
     0 | D:1      | Reached XP level 1. HP: 22/22 MP: 3/3
   201 | D:1      | Reached XP level 2. HP: 23/29 MP: 5/5
   942 | D:1      | Reached XP level 3. HP: 16/36 MP: 6/6
  1473 | D:2      | Found a faded altar of an unknown god.
  1994 | D:2      | Found a shimmering altar of Xom.
  2565 | D:2      | Reached XP level 4. HP: 26/44 MP: 7/7
  2789 | D:3      | You fall into a shaft and drop 2 floors!
  2789 | D:5      | Entered Level 5 of the Dungeon
  2795 | D:5      | Learned a level 2 spell: Blink
  2799 | D:5      | Learned a level 3 spell: Teleport Other
  2850 | D:5      | Noticed Eustachio
  2890 | D:6      | Found a staircase to the Ecumenical Temple.
  2897 | D:6      | Noticed Grinder
  2901 | Temple   | Entered the Ecumenical Temple
  3249 | Temple   | Became a worshipper of Makhleb the Destroyer
  3271 | D:6      | Killed Grinder
  3272 | D:6      | Reached skill level 5 in Dodging
  3272 | D:6      | Reached XP level 5. HP: 29/50 MP: 8/8
  3272 | D:6      | Reached XP level 6. HP: 34/59 MP: 9/9
  4040 | D:5      | Noticed an ice beast
  4145 | D:5      | Noticed a wraith
  4421 | D:3      | You fall into a shaft and drop 1 floor!
  4737 | D:3      | Noticed Natasha
  4753 | D:3      | Killed Natasha
  5115 | D:3      | Reached XP level 7. HP: 66/66 MP: 10/10
  5222 | D:3      | Noticed Natasha
  5235 | D:3      | Killed Natasha
  5576 | D:3      | Noticed Natasha
  5587 | D:3      | Killed Natasha
  5742 | D:4      | Found an opulent altar of Gozag.
  5742 | D:4      | Found a glowing silver altar of Zin.
  5983 | D:4      | Found a hazy altar of Hepliaklqana.
  6173 | D:4      | Reached * piety under Makhleb
  6479 | D:4      | Reached skill level 5 in Invocations
  6565 | D:5      | Killed a wraith
  6625 | D:5      | Killed Eustachio
  6626 | D:5      | Reached XP level 8. HP: 66/74 MP: 12/12
  6755 | D:5      | Found a runed translucent gate.
  6755 | D:5      | Found a runed translucent gate.
  6755 | D:5      | Found a runed translucent gate.
  6881 | D:6      | Noticed Menkaure
  6894 | D:6      | Killed Menkaure
  7072 | D:6      | Identified the +5 short sword "Kokic" {freeze, rElec rN+
                  | Dex+2}
  7233 | D:5      | Noticed Pikel
  7238 | D:5      | Noticed Dowan
  7242 | D:5      | Noticed Duvessa
  7251 | D:5      | Killed Pikel
  7252 | D:5      | Reached XP level 9. HP: 26/80 MP: 3/15
  7256 | D:5      | Killed Duvessa
  7519 | D:5      | Killed Dowan
  7570 | D:5      | Noticed mordus's ghost (amateur TrMo)
  8064 | D:6      | Learned a level 5 spell: Manifold Assault
  8223 | D:6      | Reached skill level 3 in Fighting
  8685 | D:7      | Killed an unseen horror
  8686 | D:7      | Reached skill level 4 in Fighting
  9455 | D:7      | Reached ** piety under Makhleb
  9595 | D:7      | Reached skill level 5 in Fighting
  9714 | D:7      | Found an iron altar of Okawaru.
  9920 | D:8      | Found a shimmering blue altar of Sif Muna.
 10104 | D:8      | Found a blossoming altar of Fedhas.
 10248 | D:8      | Reached XP level 10. HP: 94/96 MP: 14/16
 10297 | D:8      | Found a radiant altar of Vehumet.
 10297 | D:8      | Found a shadowy altar of Dithmenos.
 10299 | D:8      | Found a sparkling altar of Nemelex Xobeh.
 10302 | D:8      | Found a sacrificial altar of Ru.
 10618 | D:9      | Noticed a gargoyle
 10628 | D:9      | Found Duludink's Magic Scroll Shoppe.
 10710 | D:10     | Entered Level 10 of the Dungeon
 10710 | D:10     | Noticed a two-headed ogre
 10749 | D:10     | Killed a two-headed ogre
 10750 | D:10     | Reached skill level 6 in Fighting
 10906 | D:10     | Identified the +1 leather armour of Inevitability {*Corrode
                  | rPois Int+8 Dex+3}
 10996 | D:10     | Found a hide-covered altar of Uskayaw.
 10996 | D:10     | Found a glowing golden altar of the Shining One.
 11086 | D:10     | Reached skill level 5 in Translocations
 11440 | D:10     | Learned a level 2 spell: Call Imp
 11455 | D:9      | Killed a gargoyle
 11456 | D:9      | Reached skill level 5 in Spellcasting
 11840 | D:9      | Noticed a two-headed ogre
 11946 | D:8      | Reached skill level 7 in Fighting
 12305 | D:9      | Found Ytiune's Armour Shoppe.
 12330 | D:9      | Found Pinu's Jewellery Boutique.
 12339 | D:9      | Found Alamn's Magic Scroll Shoppe.
 12493 | D:9      | Killed a two-headed ogre
 13060 | D:9      | Paralysed by a hornet for 3 turns
 13538 | D:9      | Found Vusugy Ganywn's Antique Weapon Emporium.
 14022 | D:10     | Noticed Maurice
 14078 | D:10     | Reached skill level 8 in Fighting
 14078 | D:10     | Reached XP level 11. HP: 72/110 MP: 17/19
 14147 | D:9      | Paralysed by a hornet for 1 turns
 14302 | D:10     | Reached skill level 10 in Dodging
 14483 | D:10     | Found a staircase to the Lair.
 14524 | Lair:1   | Entered Level 1 of the Lair of Beasts
 14653 | Lair:1   | Reached *** piety under Makhleb
 15157 | Lair:1   | Reached skill level 9 in Fighting
 16249 | Lair:2   | Learned a level 2 spell: Static Discharge
 16438 | Lair:2   | Reached skill level 10 in Fighting
 16596 | Lair:2   | Noticed an eight-headed hydra
 16898 | Lair:1   | Learned a level 8 spell: Ignition
 16917 | D:10     | Found a staircase to the Orcish Mines.
 17045 | D:10     | Killed Maurice
 17046 | D:10     | Reached skill level 1 in Fire Magic
 17226 | D:9      | Bought a scroll of acquirement for 572 gold pieces
 17227 | D:9      | Acquired a +1 cloak of poison resistance
 17357 | D:10     | Reached XP level 12. HP: 104/128 MP: 10/23
 17644 | D:10     | Reached skill level 11 in Fighting
 17933 | D:10     | Found a bloodstained altar of Trog.
 18412 | D:11     | HP: 3/130 [water elemental (12)]
 18413 | D:11     | Drowned by a water elemental

Illustrated notes

Levels and vault maps discovered:
D:1:      dpeg_arrival_signposts, layout_basic
D:2:      layout_basic, serial_co_window_serial, co_window_corner_a,
          co_window_paths_b, co_window_paths_b, co_window_paths_a,
          co_window_paths_a, co_window_2corner, co_window_corner_cb,
          co_window_broadway_b, co_window_paths_c, co_window_4corner_b,
          glass_columns_c, glass_columns_b, basic_altar,
          shapermc_ecumenical_altar_flowoftime
D:3:      layout_basic, uniq_natasha
D:4:      layout_loops_ring, grunt_temple_overflow_gold_and_silver,
          kennysheep_mini_moat
D:5:      layout_basic, gammafunk_ghost_icy, uniq_eustachio, uniq_duvessa,
          uniq_pikel
D:6:      layout_loops_ring, minmay_temple_entry_glass, kennysheep_path_1,
          uniq_grinder, uniq_menkaure
D:7:      layout_loops_ring, okawaru_trees_2
D:8:      layout_cave_pods, kennysheep_little_box, amcnicky_altar_gilded,
          minitemple
D:9:      layout_long_grid, serial_shops,
          nicolae_shop_competitors_out_of_business, shop, shop,
          nicolae_shop_statue_plus, shop_statue
D:10:     layout_rooms, trog_hazing_becter, gammafunk_temple_overflow_elements,
          minmay_lair_entry_grove, kennysheep_generic_room_9, uniq_maurice
D:11:     layout_loops_ring, serial_ice, serial_ice_l, serial_ice_g,
          serial_ice_c, serial_ice_f
Temple:   compressed_dpeg_triangle_lava_temple
Lair:1:   layout_cave_pods, pond
Lair:2:   layout_regular_city

Skill      XL: |  1  2  3  4  5  6  7  8  9 10 11 12 |
---------------+-------------------------------------+-----
Dodging        | 3 4 5 6 8 9 10 | 10.5
Invocations    | 3 4 6 8 9 |  9.0
Fighting       | 5 8 10 11 | 11.4
Translocations | 4 5 7 |  7.4
Spellcasting   | 3 5 7 |  7.5
Fire Magic     | 1 3 |  3.6
Polearms       | |  2.0
Throwing       | |  1.0

Action                   |  1- 3 |  4- 6 |  7- 9 | 10-12 || total
-------------------------+-------+-------+-------+-------++-------
Melee: Spear             |   166 |   129 |    83 |    57 ||   435
       Short sword       |       |       |   171 |   113 ||   284
       Whip              |       |       |    16 |       ||    16
       Great sword       |       |       |       |   312 ||   312
       Giant spiked club |       |       |       |    18 ||    18
Throw: Boomerang         |       |     5 |       |       ||     5
       Dart              |       |    21 |    26 |    21 ||    68
 Cast: Blink             |       |     6 |     3 |     9 ||    18
       Teleport Other    |       |     3 |       |     5 ||     8
       Call Imp          |       |       |       |    24 ||    24
       Manifold Assault  |       |       |       |    37 ||    37
Invok: Lesser Servant of |       |       |       |     5 ||     5
Evoke: Wand              |       |       |    12 |    13 ||    25
  Use: Scroll            |     2 |     8 |     4 |    14 ||    28
       Potion            |       |     1 |     1 |     5 ||     7
 Stab: Sleeping          |       |       |     2 |       ||     2
       Distracted        |       |       |     1 |       ||     1
Armor: Robe              |    36 |    30 |    71 |    81 ||   218
       Skin              |       |    16 |     4 |       ||    20
       Troll leather arm |       |       |       |   133 ||   133
Dodge: Dodged            |    78 |    84 |   149 |   474 ||   785
       Rpst.: Great sword |       |       |       |    84 ||    84

Table legend: (Time is in decaauts)
 A = Elapsed time spent in this place.
 B = Non-inter-level travel time spent in this place.
 C = Inter-level travel time spent in this place.
 D = Time resting spent in this place.
 E = Time spent auto-exploring this place.
 F = Levels seen in this place.
 G = Mean time per level.
                   A        B        C        D        E       F      G
               +--------+--------+--------+--------+--------+-----+--------+
         Total |  18730 |  18065 |    665 |   5868 |   7168 |  14 | 1337.9 |
       Dungeon |  15604 |  15027 |    577 |   4600 |   6095 |  11 | 1418.5 |
        Temple |    539 |    539 |      0 |    180 |    340 |   1 |  539.0 |
          Lair |   2587 |   2499 |     88 |   1088 |    733 |   2 | 1293.5 |
               +--------+--------+--------+--------+--------+-----+--------+

Top non-repeatable levels by time:
     D:9: 2218 daAuts
    D:10: 2099 daAuts
     D:6: 1963 daAuts
  Lair:1: 1944 daAuts
     D:8: 1670 daAuts
     D:2: 1597 daAuts
     D:3: 1433 daAuts
     D:1: 1281 daAuts
     D:5: 1189 daAuts
     D:7: 1013 daAuts
     D:4: 875 daAuts
  Lair:2: 643 daAuts
  Temple: 539 daAuts
    D:11: 262 daAuts
